 Dungeon Crawl Stone Soup version 0.27.1-33-g824d729ab1 (webtiles) character file.

Game seed: 1694582294805046417

7149 Destapler the Fighter (level 11, -2/72 HPs)
             Began as a Gargoyle Gladiator on Dec 27, 2021.
             Was a High Priest of Trog.
             Killed from afar by a rakshasa (21 damage)
             ... with a lance of force
             ... on level 9 of the Dungeon.
             The game lasted 00:35:40 (11481 turns).

Destapler the Fighter (Gargoyle Gladiator)         Turns: 11481, Time: 00:35:41

Health: -2/72      AC: 17    Str: 22    XL:     11   Next: 10%
Magic:  11/11      EV: 12    Int:  8    God:    Trog [*****.]
Gold:   332        SH:  5    Dex: 11    Spells: 10/10 levels left

rFire    . . .     SeeInvis .   J - +4 flail
rCold    . . .     Faith    +   y - +0 buckler
rNeg     + . .     Spirit   .   K - +0 steam dragon scales
rPois    ∞         Reflect  .   c - +0 helmet
rElec    +         Harm     .   v - +0 cloak
rCorr    +         Rampage  .   j - +0 pair of gloves
Will     +....                  (no boots)
Stlth    ++........             h - amulet of faith
HPRegen  0.22/turn              g - ring of resist corrosion
MPRegen  0.12/turn              b - ring of willpower

@: on berserk cooldown, slowed, very slow
A: sickness immunity, AC +8, negative energy resistance 1, electricity
resistance, torment resistance 1, petrification resistance
a: Renounce Religion, Berserk, Trog's Hand, Brothers in Arms


You were on level 9 of the Dungeon.
You worshipped Trog.
Trog was extremely pleased with you.
You visited 1 branch of the dungeon, and saw 9 of its levels.
You also visited: Sewer.

You collected 414 gold pieces.
You spent 82 gold pieces at shops.

Inventory:

Hand Weapons
 a - a +0 flail
 n - a +3 vampiric spear
 I - a +3 whip
 J - a +4 flail (weapon)
Missiles
 d - 2 throwing nets
 p - 38 poisoned darts
 t - 19 boomerangs (quivered)
 G - 8 javelins
Armour
 c - a +0 helmet (worn)
 j - a +0 pair of gloves (worn)
 v - a +0 cloak (worn)
 y - a +0 buckler (worn)
 A - a +1 kite shield
 K - +0 steam dragon scales (worn)
Jewellery
 b - a ring of willpower (right hand)
 g - a ring of resist corrosion (left hand)
 h - an amulet of faith (around neck)
 o - the ring "Liugym" {rF++ rC- rN+ Int+6}
   (You acquired it on level 4 of the Dungeon)

   [ring of intelligence]

   Int:       It affects your intelligence (+6).
   rF:        It greatly protects you from fire.
   rC:        It makes you vulnerable to cold.
   rN:        It protects you from negative energy.
Wands
 x - a wand of iceblast (6)
 E - a wand of polymorph (4)
Scrolls
 k - 4 scrolls of identify
 l - 2 scrolls of fog
 s - 3 scrolls of enchant weapon
 w - 2 scrolls of teleportation
 z - a scroll of magic mapping
 H - 3 scrolls of fear
Potions
 f - a potion of cancellation
 i - 3 potions of heal wounds
 m - 3 potions of mutation {unknown}
 q - 5 potions of curing
 r - a potion of brilliance {unknown}
 u - 2 potions of flight
 B - a potion of degeneration {unknown}
 C - a potion of haste
 D - a potion of invisibility {unknown}
 F - 2 potions of attraction {unknown}
 L - a potion of ambrosia {unknown}
 N - a potion of resistance {unknown}


   Skills:
 + Level 10.2 Fighting
 + Level 8.6 Maces & Flails
 - Level 4.0 Polearms
 - Level 4.0 Throwing
 + Level 5.2 Armour
 - Level 3.0 Dodging
 - Level 4.0 Stealth
 + Level 6.1 Shields
 + Level 4.1 Evocations


You had 10 spell levels left.
You didn't know any spells.
Your spell library contained the following spells:

 Spells                   Type           Power      Damage    Failure   Level
 Sandblast                Erth           0%         2d4       41%         1
 Passwall                 Tmut/Erth      0%         N/A       54%         2
 Conjure Flame            Conj/Fire      0%         6-21      78%         3
 Olgreb's Toxic Radiance  Pois           0%         N/A       99%         4
 Lee's Rapid Deconstruct  Erth           0%         3d5*      100%        5
 Summon Mana Viper        Hex/Summ       0%         N/A       100%        5
 Eringya's Noxious Bog    Tmut/Pois      0%         N/A       100%        6
 Monstrous Menagerie      Summ           0%         N/A       100%        7
 Summon Horrible Things   Summ           0%         N/A       100%        8


Dungeon Overview and Level Annotations

Branches:
Dungeon (9/15)             Temple (0/1) D:7            Lair (0/6) D:9
    Orc (0/2) D:9           Sewer (visited)

Altars:
Cheibriados
Elyvilon
Gozag
Nemelex Xobeh
Ru
Sif Muna
Trog
Wu Jian
Yredelemnul
Zin
The Shining One

Shops:
D:5 ?*:

Annotations:
D:2 Robin


Innate Abilities, Weirdness & Mutations

You are immune to sickness and miasma.
Your stone body is resilient. (AC +8)
You are immune to poison.
You resist negative energy. (rN+)
You are resistant to electric shocks. (rElec)
You are resistant to unholy torment.
You are immune to petrification.


Message History

The cyclops barely misses you.
You sock the cyclops!
You feel the power of Trog in you as your rage grows.
You kill the cyclops!
Trog accepts your kill.
A rakshasa comes into view.
It is wielding a +0 long sword and wearing the amulet "Kiwuwn" {Faith rN+ Will- Regen+ rCorr Int+7}.
Your Shields skill increases to level 6!
You bludgeon the rakshasa!!
The rakshasa is moderately wounded.
You block the rakshasa's attack.
You closely miss the rakshasa.
The rakshasa is moderately wounded.
You barely miss the rakshasa.
The rakshasa is moderately wounded.
The rakshasa gestures at you. The lance of force hits you!
* * * LOW HITPOINT WARNING * * *
You are knocked back by the lance of force.
You slam into the stone wall!
You miss the rakshasa.
The rakshasa is moderately wounded.
The rakshasa weaves an illusion.
You barely miss the rakshasa.
The rakshasa is moderately wounded.
You thump the rakshasa!
The rakshasa is heavily wounded.
The rakshasa hits you but does no damage.
You sock the rakshasa!
The rakshasa is heavily wounded.
The injured rakshasa weaves a defensive illusion!
You sock the rakshasa!
The rakshasa is severely wounded.
You are no longer berserk.
You are exhausted.
You feel yourself slow down.
You sock the rakshasa!
The rakshasa is almost dead.
The rakshasa gestures at you. The lance of force hits you!!
You die...

#............##.##...###..#...##.
##...###..###......###....#.#.##.
##### #.........###......#.#.##.
#.###..####........#.#....
#.##..###..........#.#####
##....##..##........#.#
######...###..#'###......#.#
##......###..###.# ###....#.#
......###.##.# #@# ###..#.# ###
....###....#.# ##R# ####.# #..
..####..###..# #W# #.###.#
..'..###..#### ## #..##.#
..###..###..## #..##.#
....###..###.# ####..##.#
.##...###..#.# ###..#.†....
.####...###..### ###....#.###.#
.# ###...###..#+###......#.###.#


You could see a rakshasa and a freezing wraith.

Vanquished Creatures
  A centaur warrior (D:9)
  A manticore (D:9)
  A cyclops (D:9)
  An elephant (D:9)
  A troll (D:9)
  A hornet (D:9)
  A wyvern (D:9)
  8 yaks
  A basilisk (D:9)
  Menkaure (D:6)
  Edmund (D:6)
  A steam dragon (D:9)
  A water moccasin (D:5)
  An ice beast (D:3)
  A sky beast (D:5)
  5 orc warriors
  A black bear (D:9)
  A centaur (D:6)
  A kobold brigand (Sewer)
  3 bullfrogs
  A scorpion (D:6)
  2 water moccasin zombies
  A water moccasin skeleton (D:5)
  9 wights
  3 howler monkeys (D:8)
  A bullfrog zombie (D:5)
  6 centaur zombies
  2 jellies (D:5)
  3 orc priests
  3 centaur skeletons
  A hound (D:5)
  2 scorpion zombies (D:5)
  4 iguanas
  9 orc wizards
  2 killer bee zombies
  A hound skeleton (D:5)
  A howler monkey zombie (D:9)
  6 gnolls
  2 river rats
  5 adders
  A shadow imp (D:7)
  3 white imps
  2 ufetubi
  An adder zombie (D:5)
  4 worms
  32 orcs
  7 bats
  8 endoplasms
  3 giant cockroaches
  4 hobgoblins
  4 jackals
  10 kobolds
  4 quokkas
  5 ball pythons
  2 frilled lizards
  7 goblins
  14 rats
  A bush (D:5)
209 creatures vanquished.

Vanquished Creatures (collateral kills)
  Eustachio (D:6)
1 creature vanquished.

Vanquished Creatures (others)
  A plant (D:9)
1 creature vanquished.

Grand Total: 211 creatures vanquished

Notes
Turn   | Place    | Note
-------+----------+-------------------------------------------
     0 | D:1      | Destapler the Gargoyle Gladiator began the quest for the
                  | Orb.
     0 | D:1      | Reached XP level 1. HP: 12/12 MP: 1/1
   261 | D:1      | Found a faded altar of an unknown god.
   272 | D:1      | Became a worshipper of Trog the Wrathful
   272 | D:1      | Reached * piety under Trog
   279 | D:1      | Reached XP level 2. HP: 18/18 MP: 2/2
   595 | D:1      | Got the Papyrus of the Poisonous Arsonist
   682 | D:1      | Reached skill level 1 in Stealth
  1251 | D:2      | Reached skill level 1 in Armour
  1251 | D:2      | Reached XP level 3. HP: 14/22 MP: 3/3
  1368 | D:2      | Noticed Robin
  1929 | D:2      | Reached ** piety under Trog
  2182 | D:2      | Reached XP level 4. HP: 13/27 MP: 4/4
  2349 | D:3      | Reached skill level 3 in Fighting
  2628 | D:3      | Reached XP level 5. HP: 30/32 MP: 5/5
  2867 | D:3      | Noticed an ice beast
  2878 | D:3      | Killed an ice beast
  2976 | D:3      | Reached XP level 6. HP: 8/37 MP: 6/6
  3509 | D:3      | Reached *** piety under Trog
  3998 | D:4      | Identified a scroll of acquirement
  3998 | D:4      | Acquired the ring "Liugym" {rF++ rC- rN+ Int+6}
  4314 | D:4      | Found a sacrificial altar of Ru.
  4314 | D:4      | Found a shimmering blue altar of Sif Muna.
  4440 | D:4      | Noticed an orc warrior
  4448 | D:4      | Killed an orc warrior
  4624 | D:4      | Found a glowing drain.
  4630 | Sewer    | Entered a sewer
  4720 | Sewer    | Reached skill level 4 in Fighting
  4720 | Sewer    | Reached XP level 7. HP: 36/43 MP: 7/7
  4890 | Sewer    | Found a white marble altar of Elyvilon.
  5115 | D:5      | Entered Level 5 of the Dungeon
  5347 | D:5      | Found a basalt altar of Yredelemnul.
  5467 | D:5      | Reached skill level 5 in Maces & Flails
  5543 | D:5      | Reached skill level 5 in Fighting
  5592 | D:5      | Found a white marble altar of Elyvilon.
  5627 | D:5      | Reached **** piety under Trog
  5628 | D:5      | Reached XP level 8. HP: 46/49 MP: 8/8
  5647 | D:5      | Reached skill level 1 in Polearms
  5647 | D:5      | Reached skill level 1 in Shields
  5952 | D:5      | Reached skill level 1 in Evocations
  5979 | D:5      | Found Buirhina's Magic Scroll Shoppe.
  5982 | D:5      | Bought a scroll of enchant weapon for 82 gold pieces
  6204 | D:5      | Found Taptup's Assorted Antiques.
  6244 | D:5      | Found Xeageti's Book Boutique.
  6359 | D:5      | Noticed a torpor snail
  6361 | D:5      | Found a snail-covered altar of Cheibriados.
  6361 | D:5      | Noticed a torpor snail
  6363 | D:5      | Noticed a torpor snail
  6596 | D:6      | Noticed Menkaure
  6604 | D:6      | Killed Menkaure
  6705 | D:6      | Noticed Edmund
  6738 | D:6      | Killed Edmund
  6739 | D:6      | Reached XP level 9. HP: 55/55 MP: 9/9
  6815 | D:6      | Noticed Eustachio
  6845 | D:6      | Killed Eustachio
  6855 | D:6      | Found an opulent altar of Gozag.
  7104 | D:6      | Reached skill level 6 in Fighting
  7520 | D:6      | Found a glowing silver altar of Zin.
  7543 | D:6      | Got the Guide on the Escort
  7875 | D:6      | Reached skill level 5 in Shields
  8082 | D:7      | Reached ***** piety under Trog
  8098 | D:7      | Found a staircase to the Ecumenical Temple.
  8453 | D:7      | Noticed a moth of wrath
  8456 | D:7      | Found a bloodstained altar of Trog.
  8863 | D:8      | Reached skill level 7 in Fighting
  9531 | D:8      | Found a sparkling altar of Nemelex Xobeh.
  9847 | D:9      | Found an ornate altar of the Wu Jian Council.
  9863 | D:9      | Noticed an elephant
  9872 | D:9      | Reached skill level 8 in Fighting
  9884 | D:9      | Reached XP level 10. HP: 52/64 MP: 10/10
  9891 | D:9      | Killed an elephant
  9898 | D:9      | Reached skill level 9 in Fighting
 10011 | D:9      | Found a staircase to the Lair.
 10025 | D:9      | Found a staircase to the Orcish Mines.
 10676 | D:9      | Found a glowing golden altar of the Shining One.
 11447 | D:9      | Noticed a manticore
 11461 | D:9      | Killed a manticore
 11461 | D:9      | Noticed a centaur warrior
 11462 | D:9      | Reached skill level 10 in Fighting
 11467 | D:9      | Killed a centaur warrior
 11467 | D:9      | Noticed a cyclops
 11468 | D:9      | Reached skill level 5 in Armour
 11468 | D:9      | Reached XP level 11. HP: 39/72 MP: 11/11
 11472 | D:9      | Killed a cyclops
 11472 | D:9      | Identified the amulet "Kiwuwn" {Faith rN+ Will- Regen+
                  | rCorr Int+7}
 11472 | D:9      | Noticed a rakshasa
 11481 | D:9      | Killed from afar by a rakshasa

Illustrated notes

Levels and vault maps discovered:
D:1:      dpeg_arrival_radiant, layout_basic, basic_ecumenical_altar,
          lemuel_flame_loot_1
D:2:      layout_loops_ring, grunt_ministairs_5, uniq_robin
D:3:      layout_loops_corners, roderic_roman_lattice, minmay_door_square,
          grunt_ministairs_11, minmay_misc_feat_columns
D:4:      layout_loops_ring, gammafunk_temple_overflow_pools,
          gup_sewer_entry_bubbles
D:5:      layout_loops_ring, nicolae_yredelemnul_corpse_copse,
          nicolae_elyvilon_peaceful_grove, cheibriados_altar_2, serial_shops,
          nicolae_shop_behind_doors, kennysheep_mini, nicolae_take_the_stairs
D:6:      layout_basic, general_overflow_altar, lemuel_doored_altar,
          uniq_menkaure, uniq_edmund, uniq_eustachio
D:7:      layout_cave_pods, tgw_trog, minmay_temple_entry_trees
D:8:      layout_rooms, mainiacjoe_overflow_brackets
D:9:      minmay_the_grid_triangle_9x9_recursive_2
          [minmay_the_grid_triangle_9x9_prize_special,
          minmay_the_grid_triangle_9x9_empty,
          minmay_the_grid_triangle_9x9_pentomino_pain,
          minmay_the_grid_triangle_9x9_longest], layout_loops_corners,
          kennysheep_little_box, mainiacjoe_overflow_surrounded_room,
          pf_just_have_faith, david_lair_generic, orc_0_dummy

Skill      XL: |  1  2  3  4  5  6  7  8  9 10 11 |
---------------+----------------------------------+-----
Throwing       | 2 3 4 |  4.0
Stealth        | 1 2 3 4 |  4.0
Armour         | 1 2 3 4 5 |  5.2
Fighting       | 3 4 5 8 10 | 10.2
Maces & Flails | 4 5 6 8 |  8.6
Dodging        | 3 |  3.0
Polearms       | 3 4 |  4.0
Shields        | 3 5 6 |  6.1
Evocations     | 2 3 4 |  4.1

Action                   |  1- 3 |  4- 6 |  7- 9 | 10-12 || total
-------------------------+-------+-------+-------+-------++-------
Melee: Flail             |    96 |   145 |   112 |    86 ||   439
       Spear             |       |       |   628 |   117 ||   745
Throw: Throwing net      |     1 |     1 |     2 |     1 ||     5
       Dart              |       |    31 |    45 |     8 ||    84
       Boomerang         |       |       |    22 |     4 ||    26
       Javelin           |       |       |     7 |     1 ||     8
Invok: Berserk           |       |     4 |     9 |     5 ||    18
       Trog's Hand       |       |     1 |     2 |     1 ||     4
       Brothers in Arms  |       |       |     1 |       ||     1
  Use: Scroll            |     6 |     3 |     4 |     2 ||    15
       Potion            |       |       |     2 |       ||     2
 Stab: Fleeing           |     1 |       |       |       ||     1
       Sleeping          |       |     4 |     2 |     1 ||     7
       Held in net/web   |       |     1 |       |       ||     1
Armor: Ring mail         |    60 |    71 |   342 |    63 ||   536
       Steam dragon scal |       |       |       |    24 ||    24
Dodge: Dodged            |    56 |    84 |   324 |    85 ||   549
Block: Buckler           |       |       |    83 |    35 ||   118
